TOP OF THE 1ST |
Las Vegas 51s batting - Pitching for Syracuse Chiefs : RHP Sam Wood
|
Pitching: RHP Sam Wood
|
|
Batting: SHB Jason Larson
|
0-0: Ball 1-0: Foul Ball, location: 2F 1-1: Called Strike 1-2: Strikes out swinging
|
Batting: RHB Josh Jones
|
0-0: Ball 1-0: Called Strike 1-1: Fly out, F8 (Line Drive, 8RS, EV 93.1 MPH)
|
Batting: SHB Harrison Feist
|
0-0: Ball 1-0: Called Strike 1-1: Ball 2-1: Called Strike 2-2: Ball 3-2: Foul Ball, location: 2F 3-2: Ground out 4-3 (Groundball, 4, EV 81.2 MPH)
|
Top of the 1st over - 0 runs, 0 hits, 0 errors, 0 left on base; Las Vegas 0 - Syracuse 0 |
BOTTOM OF THE 1ST |
Syracuse Chiefs batting - Pitching for Las Vegas 51s : LHP Ricardo Chavez
|
Pitching: LHP Ricardo Chavez
|
|
Batting: RHB Pat Drader
|
0-0: Ball 1-0: SINGLE (Groundball, 6MD, EV 108.8 MPH)
|
Batting: RHB Dusty Ballard
|
0-0: Fielders Choice at 2nd, 4-6 (Groundball, 34, EV 85.6 MPH)
|
Batting: RHB Ryan Hiemer
|
0-0: Foul Ball, location: 2F 0-1: Ball 1-1: Ball 2-1: Fly out, F4 (Flyball, 34D, EV 82.5 MPH)
|
Batting: SHB Alex Ethridge
|
0-0: Ball 1-0: SINGLE (Line Drive, 9S, EV 94.4 MPH) Dusty Ballard to second Runner from 2nd tries for 3rd, SAFE, throw by RF made to third
|
Batting: LHB Evan Oliveri
|
0-0: Ground out 4-3 (Groundball, 4D, EV 79.4 MPH)
|
Bottom of the 1st over - 0 runs, 2 hits, 0 errors, 2 left on base; Las Vegas 0 - Syracuse 0 |
TOP OF THE 2ND |
Las Vegas 51s batting - Pitching for Syracuse Chiefs : RHP Sam Wood
|
Batting: SHB Nelson Powell
|
0-0: SINGLE (Groundball, 6D, EV 96.9 MPH)
|
Batting: RHB Alex Ramirez
|
0-0: Ball 1-0: Swinging Strike 1-1: Ball 2-1: Ball 3-1: Called Strike 3-2: Foul Ball, location: 2F 3-2: Foul Ball, location: 2F 3-2: Foul Ball, location: 2F 3-2: Base on Balls Nelson Powell to second
|
Batting: LHB Jose Chavez
|
0-0: Ball 1-0: Ball 2-0: Foul Ball, location: 2F 2-1: Ball 3-1: Foul Ball, location: 2F 3-2: Strikes out looking
|
Batting: LHB Angel Sanchez
|
0-0: Ball 1-0: Called Strike 1-1: Foul Ball, location: 2F 1-2: Ball 2-2: Foul Ball, location: 2F 2-2: Ball 3-2: Strikes out swinging
|
Batting: RHB Roger Renteria
|
0-0: Ball 1-0: Ball 2-0: Called Strike 2-1: Ball 3-1: Base on Balls Nelson Powell to third Alex Ramirez to second
|
Batting: RHB Jeff MacPhee
|
0-0: Foul Ball, location: 2F 0-1: Foul Ball, location: 2F 0-2: Strikes out swinging
|
Top of the 2nd over - 0 runs, 1 hit, 0 errors, 3 left on base; Las Vegas 0 - Syracuse 0 |
BOTTOM OF THE 2ND |
Syracuse Chiefs batting - Pitching for Las Vegas 51s : LHP Ricardo Chavez
|
Batting: SHB Dan Castaneda
|
0-0: SINGLE (Groundball, 5S, EV 63.1 MPH) (infield hit)
|
Batting: LHB John Luke
|
0-0: Ball 1-0: Called Strike 1-1: Fielders Choice at 2nd, 4-6 (Groundball, 4, EV 91.2 MPH)
|
Batting: LHB Kyung-jin Cho
|
0-0: Called Strike 0-1: Called Strike 0-2: Ball Pickoff Throw to First - Error! E1 John Luke to second 1-2: Ball 2-2: Strikes out swinging
|
Batting: LHB Dana McDonald
|
0-0: Ball 1-0: Ball 2-0: Called Strike 2-1: Ball 3-1: SINGLE (Groundball, 6M, EV 105.0 MPH) (infield hit) John Luke to third
|
Batting: RHB Pat Drader
|
0-0: Called Strike 0-1: Called Strike 0-2: Fly out, F7 (Flyball, 7LS, EV 92.5 MPH)
|
Bottom of the 2nd over - 0 runs, 2 hits, 1 error, 2 left on base; Las Vegas 0 - Syracuse 0 |
TOP OF THE 3RD |
Las Vegas 51s batting - Pitching for Syracuse Chiefs : RHP Sam Wood
|
Batting: SHB Jason Larson
|
0-0: Ball 1-0: Foul Ball, location: 2F 1-1: Swinging Strike 1-2: Foul Ball, location: 2F 1-2: Foul Ball, location: 2F 1-2: Ball 2-2: Ball 3-2: Foul Ball, location: 2F 3-2: Base on Balls
|
Batting: RHB Josh Jones
|
0-0: Ball Jason Larson steals 2nd base 1-0: Ball 2-0: Ball 3-0: Called Strike 3-1: Swinging Strike 3-2: Ground out 4-3 (Groundball, 4S, EV 85.6 MPH) Jason Larson to third
|
Batting: SHB Harrison Feist
|
0-0: SINGLE (Line Drive, 8LS, EV 89.4 MPH) Jason Larson scores
|
Batting: SHB Nelson Powell
|
0-0: Ball 1-0: Ball 2-0: Foul Ball, location: 2F 2-1: Fielders Choice at 2nd, 5-4 (Groundball, 5, EV 106.2 MPH)
|
Batting: RHB Alex Ramirez
|
0-0: Fielders Choice at 2nd, 6-4 (Groundball, 6, EV 81.2 MPH)
|
Top of the 3rd over - 1 run, 1 hit, 0 errors, 1 left on base; Las Vegas 1 - Syracuse 0 |
BOTTOM OF THE 3RD |
Syracuse Chiefs batting - Pitching for Las Vegas 51s : LHP Ricardo Chavez
|
Batting: RHB Dusty Ballard
|
0-0: Fly out, F6 (Line Drive, 6, EV 64.4 MPH)
|
Batting: RHB Ryan Hiemer
|
0-0: Swinging Strike 0-1: Swinging Strike 0-2: Strikes out looking
|
Batting: SHB Alex Ethridge
|
0-0: Called Strike 0-1: Foul Ball, location: 2F 0-2: Ball 1-2: Strikes out swinging
|
Bottom of the 3rd over - 0 runs, 0 hits, 0 errors, 0 left on base; Las Vegas 1 - Syracuse 0 |
TOP OF THE 4TH |
Las Vegas 51s batting - Pitching for Syracuse Chiefs : RHP Sam Wood
|
Batting: LHB Jose Chavez
|
0-0: Ball 1-0: Ball 2-0: Ball 3-0: Base on Balls
|
Batting: LHB Angel Sanchez
|
0-0: Called Strike 0-1: Called Strike 0-2: Ball 1-2: DOUBLE (Groundball, 3L, EV 106.2 MPH) Jose Chavez to third
|
Batting: RHB Roger Renteria
|
0-0: Foul Ball, location: 2F 0-1: SINGLE (Line Drive, 6D, EV 99.4 MPH) Jose Chavez scores Angel Sanchez to third Runner from 3rd tries for Home, SAFE, throw by CF to home
|
Batting: RHB Jeff MacPhee
|
0-0: Called Strike 0-1: Ball 1-1: Ground out 6-3 (Groundball, 6S, EV 65.6 MPH) Roger Renteria to second
|
Batting: SHB Jason Larson
|
0-0: Ball 1-0: Called Strike 1-1: Ball 2-1: Foul Ball, location: 2F 2-2: Ball 3-2: Base on Balls
|
Batting: RHB Josh Jones
|
Balk! Roger Renteria to third Jason Larson to second 0-0: Called Strike 0-1: Ball 1-1: Called Strike 1-2: Foul Ball, location: 2F 1-2: Foul Ball, location: 2F 1-2: Ground out U3 (Groundball, 34, EV 76.9 MPH)
|
Batting: SHB Harrison Feist
|
0-0: Called Strike 0-1: Ball 1-1: Foul Ball, location: 2F 1-2: SINGLE (Line Drive, 34D, EV 101.2 MPH) Roger Renteria scores Jason Larson to third
|
Pitching: RHP Bill Stump
|
|
Batting: SHB Nelson Powell
|
0-0: Foul Ball, location: 2F 0-1: Called Strike 0-2: Ball 1-2: Ball 2-2: Foul Ball, location: 2F 2-2: Ball 3-2: Foul Ball, location: 2F 3-2: Foul Ball, location: 2F 3-2: Foul Ball, location: 2F 3-2: Ground out U3 (Groundball, 34, EV 81.2 MPH)
|
Top of the 4th over - 3 runs, 3 hits, 0 errors, 2 left on base; Las Vegas 4 - Syracuse 0 |
BOTTOM OF THE 4TH |
Syracuse Chiefs batting - Pitching for Las Vegas 51s : LHP Ricardo Chavez
|
Batting: LHB Evan Oliveri
|
0-0: Ball 1-0: Swinging Strike 1-1: Ball 2-1: Swinging Strike 2-2: Strikes out swinging
|
Batting: SHB Dan Castaneda
|
0-0: Ground out 5-3 (Groundball, 56, EV 102.5 MPH)
|
Batting: LHB John Luke
|
0-0: Ball 1-0: Called Strike 1-1: Fly out, F8 (Flyball, 8LXD, EV 94.4 MPH)
|
Bottom of the 4th over - 0 runs, 0 hits, 0 errors, 0 left on base; Las Vegas 4 - Syracuse 0 |
TOP OF THE 5TH |
Las Vegas 51s batting - Pitching for Syracuse Chiefs : RHP Bill Stump
|
Batting: RHB Alex Ramirez
|
0-0: Foul Ball, location: 2F 0-1: SINGLE (Flyball, 34D, EV 91.2 MPH)
|
Batting: LHB Jose Chavez
|
0-0: Grounds into double play, 4-6-3 (Groundball, 4, EV 79.4 MPH)
|
Batting: LHB Angel Sanchez
|
0-0: Called Strike 0-1: Called Strike 0-2: Foul Ball, location: 2F 0-2: Fly out, F8 (Line Drive, 89M, EV 96.9 MPH)
|
Top of the 5th over - 0 runs, 1 hit, 0 errors, 0 left on base; Las Vegas 4 - Syracuse 0 |
BOTTOM OF THE 5TH |
Syracuse Chiefs batting - Pitching for Las Vegas 51s : LHP Ricardo Chavez
|
Batting: LHB Kyung-jin Cho
|
0-0: Called Strike 0-1: Foul Ball, location: 2F 0-2: Foul Ball, location: 2F 0-2: Ball 1-2: Foul Ball, location: 2F 1-2: SINGLE (Line Drive, 7S, EV 91.9 MPH)
|
Batting: LHB Dana McDonald
|
0-0: Fly out, F2 (Popup, 13S, EV 81.9 MPH)
|
Batting: RHB Pat Drader
|
0-0: Ball 1-0: Foul Ball, location: 2F 1-1: Ball 2-1: Ball 3-1: Fielders Choice at 2nd, 5-4 (Groundball, 56, EV 103.8 MPH)
|
Batting: RHB Dusty Ballard
|
0-0: Called Strike 0-1: Ball 1-1: Ball 2-1: Foul Ball, location: 2F 2-2: Strikes out swinging
|
Bottom of the 5th over - 0 runs, 1 hit, 0 errors, 1 left on base; Las Vegas 4 - Syracuse 0 |
TOP OF THE 6TH |
Las Vegas 51s batting - Pitching for Syracuse Chiefs : RHP Bill Stump
|
Batting: RHB Roger Renteria
|
0-0: Ball 1-0: Ball 2-0: Ball 3-0: Base on Balls
|
Batting: RHB Jeff MacPhee
|
0-0: Called Strike 0-1: Foul Ball, location: 2F 0-2: Strikes out swinging
|
Batting: SHB Jason Larson
|
0-0: Called Strike 0-1: Foul Ball, location: 2F 0-2: Ball 1-2: Strikes out swinging
|
Batting: RHB Josh Jones
|
0-0: Ball 1-0: Fly out, F8 (Flyball, 8LM, EV 86.2 MPH)
|
Top of the 6th over - 0 runs, 0 hits, 0 errors, 1 left on base; Las Vegas 4 - Syracuse 0 |
BOTTOM OF THE 6TH |
Syracuse Chiefs batting - Pitching for Las Vegas 51s : LHP Ricardo Chavez
|
Batting: RHB Ryan Hiemer
|
0-0: Called Strike 0-1: Foul Ball, location: 2F 0-2: Ball 1-2: SINGLE (Line Drive, 9LS, EV 100.0 MPH)
|
Batting: SHB Alex Ethridge
|
0-0: SINGLE (Groundball, 56D, EV 105.0 MPH) Ryan Hiemer to second
|
Batting: LHB Evan Oliveri
|
0-0: Called Strike 0-1: Fielders Choice at 2nd, 6-4 (Groundball, 6M, EV 81.2 MPH) Ryan Hiemer to third
|
Batting: SHB Dan Castaneda
|
0-0: Called Strike 0-1: SINGLE (Groundball, 6, EV 100.6 MPH) Ryan Hiemer scores Evan Oliveri to second
|
Batting: LHB John Luke
|
0-0: Called Strike 0-1: Swinging Strike 0-2: Ball 1-2: Ball 2-2: Strikes out looking
|
Pinch Hitting: RHB Kevin Wick
|
0-0: Ball 1-0: Fly out, F8 (Flyball, 8LD, EV 94.4 MPH)
|
Bottom of the 6th over - 1 run, 3 hits, 0 errors, 2 left on base; Las Vegas 4 - Syracuse 1 |
TOP OF THE 7TH |
Las Vegas 51s batting - Pitching for Syracuse Chiefs : RHP Bill Stump
|
Now in LF: Kevin Wick
|
|
Batting: SHB Harrison Feist
|
0-0: Called Strike 0-1: Ball 1-1: Hit by Pitch
|
Batting: SHB Nelson Powell
|
0-0: Ball 1-0: Called Strike 1-1: Foul Ball, location: 2F 1-2: Ball 2-2: Ball 3-2: Foul Ball, location: 2F 3-2: Foul Ball, location: 2F 3-2: Foul Ball, location: 2F 3-2: Fly out, F9 (Flyball, 9D, EV 85.6 MPH)
|
Batting: RHB Alex Ramirez
|
0-0: SINGLE (Line Drive, 3D, EV 110.0 MPH) Harrison Feist to second
|
Batting: LHB Jose Chavez
|
0-0: Ball 1-0: Ball 2-0: Ball 3-0: Called Strike 3-1: Base on Balls Harrison Feist to third Alex Ramirez to second
|
Pitching: LHP Harry Osborne
|
|
Batting: LHB Angel Sanchez
|
0-0: Called Strike 0-1: Swinging Strike 0-2: Strikes out looking
|
Batting: RHB Roger Renteria
|
0-0: SINGLE (Groundball, 6M, EV 101.2 MPH) (infield hit) Harrison Feist scores Alex Ramirez to third Jose Chavez to second
|
Batting: RHB Jeff MacPhee
|
0-0: Ball 1-0: Foul Ball, location: 2F 1-1: Ball 2-1: Fly out, F4 (Line Drive, 4MD, EV 66.9 MPH)
|
Top of the 7th over - 1 run, 2 hits, 0 errors, 3 left on base; Las Vegas 5 - Syracuse 1 |
BOTTOM OF THE 7TH |
Syracuse Chiefs batting - Pitching for Las Vegas 51s : LHP Ricardo Chavez
|
Batting: LHB Dana McDonald
|
0-0: Ball 1-0: Fly out, F7 (Line Drive, 7LM, EV 99.4 MPH)
|
Batting: RHB Pat Drader
|
0-0: Swinging Strike 0-1: Ball 1-1: Foul Ball, location: 2F 1-2: Ball 2-2: Fly out, F8 (Flyball, 78S, EV 93.8 MPH)
|
Batting: RHB Dusty Ballard
|
0-0: SINGLE (Groundball, 56D, EV 95.6 MPH)
|
Batting: RHB Ryan Hiemer
|
0-0: Ball 1-0: Ball 2-0: Ball 3-0: SINGLE (Groundball, 56S, EV 68.1 MPH) (infield hit) Dusty Ballard to second
|
Batting: SHB Alex Ethridge
|
0-0: Called Strike 0-1: Fielders Choice at 2nd, 6-4 (Groundball, 6, EV 79.4 MPH)
|
Bottom of the 7th over - 0 runs, 2 hits, 0 errors, 2 left on base; Las Vegas 5 - Syracuse 1 |
TOP OF THE 8TH |
Las Vegas 51s batting - Pitching for Syracuse Chiefs : LHP Harry Osborne
|
Batting: SHB Jason Larson
|
0-0: Foul Ball, location: 2F 0-1: Foul Ball, location: 2F 0-2: Ball 1-2: Foul Ball, location: 2F 1-2: Strikes out looking
|
Batting: RHB Josh Jones
|
0-0: Fly out, F9 (Flyball, 89S, EV 75.6 MPH)
|
Batting: SHB Harrison Feist
|
0-0: Hit by Pitch
|
Batting: SHB Nelson Powell
|
0-0: Called Strike 0-1: Called Strike 0-2: Strikes out swinging
|
Top of the 8th over - 0 runs, 0 hits, 0 errors, 1 left on base; Las Vegas 5 - Syracuse 1 |
BOTTOM OF THE 8TH |
Syracuse Chiefs batting - Pitching for Las Vegas 51s : LHP Ricardo Chavez
|
Batting: LHB Evan Oliveri
|
0-0: Ball 1-0: Foul Ball, location: 2F 1-1: Ball 2-1: Foul Ball, location: 2F 2-2: Foul Ball, location: 2F 2-2: Strikes out swinging
|
Batting: SHB Dan Castaneda
|
0-0: Called Strike 0-1: Ball 1-1: Ground out 1-3 (Groundball, 15S, EV 61.2 MPH)
|
Batting: LHB John Luke
|
0-0: Ball 1-0: Ball 2-0: Called Strike 2-1: Foul Ball, location: 2F 2-2: Ball 3-2: Base on Balls
|
Pitching: RHP Robbie Beerbower
|
|
Batting: RHB Kevin Wick
|
0-0: Ball 1-0: Swinging Strike 1-1: Called Strike 1-2: Ball 2-2: Ball 3-2: Foul Ball, location: 2F 3-2: SINGLE (Flyball, 56D, EV 95.0 MPH) John Luke to second John Luke to third
|
Batting: LHB Dana McDonald
|
0-0: Ball 1-0: 3-RUN HOME RUN (Line Drive, 9LD, EV 93.8 MPH), Distance : 355 ft
|
Batting: RHB Pat Drader
|
0-0: Called Strike 0-1: Foul Ball, location: 2F 0-2: Ball 1-2: Ball 2-2: Strikes out swinging
|
Bottom of the 8th over - 3 runs, 2 hits, 0 errors, 0 left on base; Las Vegas 5 - Syracuse 4 |
TOP OF THE 9TH |
Las Vegas 51s batting - Pitching for Syracuse Chiefs : LHP Harry Osborne
|
Pitching: LHP Kerry Baty
|
|
Batting: RHB Alex Ramirez
|
0-0: Swinging Strike 0-1: Called Strike 0-2: Ball 1-2: Strikes out swinging
|
Pinch Hitting: RHB Darwin Mills
|
0-0: Ball 1-0: Called Strike 1-1: Foul Ball, location: 2F 1-2: Foul Ball, location: 2F 1-2: Ball 2-2: Foul Ball, location: 2F 2-2: Foul Ball, location: 2F 2-2: Ball 3-2: Foul Ball, location: 2F 3-2: Strikes out swinging
|
Batting: LHB Angel Sanchez
|
0-0: Called Strike 0-1: Swinging Strike 0-2: Ball 1-2: Strikes out swinging
|
Top of the 9th over - 0 runs, 0 hits, 0 errors, 0 left on base; Las Vegas 5 - Syracuse 4 |
BOTTOM OF THE 9TH |
Syracuse Chiefs batting - Pitching for Las Vegas 51s : RHP Robbie Beerbower
|
Pitching: RHP Justin Overlie
|
|
Now in CF: Bill Armijo
|
|
Batting: RHB Dusty Ballard
|
0-0: Called Strike 0-1: Foul Ball, location: 2F 0-2: Ground out 1-3 (Groundball, P, EV 71.2 MPH)
|
Batting: RHB Ryan Hiemer
|
0-0: Ball 1-0: Called Strike 1-1: Foul Ball, location: 2F 1-2: Ground out 5-3 (Groundball, 5S, EV 70.0 MPH)
|
Batting: SHB Alex Ethridge
|
0-0: Called Strike 0-1: Ball 1-1: SINGLE (Line Drive, 8LS, EV 98.8 MPH)
|
Batting: LHB Evan Oliveri
|
0-0: Fielders Choice at 2nd, 6-4 (Groundball, 6, EV 88.1 MPH)
|
Bottom of the 9th over - 0 runs, 1 hit, 0 errors, 1 left on base; Las Vegas 5 - Syracuse 4 |
|